 Dungeon Crawl Stone Soup version 0.25.1-2-g60ff931df9 (webtiles) character file.

Game seed: 16659298658821486293

77244 DearestLeader the Demonic Cataclysm (level 15, -3/121 HPs)
             Began as a Demonspawn Gladiator on Oct 13, 2020.
             Was a High Priest of Qazlal.
             Slain by a slime creature (8 damage)
             ... on level 12 of the Dungeon.
             The game lasted 01:00:43 (27635 turns).

DearestLeader the Demonic Cataclysm (DsGl)         Turns: 27635, Time: 01:00:43

Health: -3/121     AC: 25    Str: 20    XL:     15   Next: 14%
Magic:  0/25       EV: 11    Int: 10    God:    Qazlal [*****.]
Gold:   925        SH:  6    Dex: 15    Spells: 14/14 levels left

rFire    + . .     SeeInvis .   Q - +3 dire flail (freeze)
rCold    . . .     Gourm    .   (shield currently unavailable)
rNeg     . . .     Faith    .   r - +2 plate armour {MR+}
rPois    .         Spirit   +   (helmet unavailable)
rElec    .         Reflect  .   P - +0 cloak
rCorr    .         Harm     .   (no gloves)
MR       +++..                  (no boots)
Stlth    ..........             m - amulet of guardian spirit
HPRegen  0.30/turn              i - ring of protection from magic
MPRegen  0.19/turn              n - ring of protection from fire

@: protected from physical damage, repel missiles
A: horns 3, rugged brown scales 3
a: Upheaval, Elemental Force, Disaster Area, Renounce Religion


You were on level 12 of the Dungeon.
You worshipped Qazlal.
Qazlal was extremely pleased with you.
You were not hungry.

You visited 3 branches of the dungeon, and saw 20 of its levels.
You also visited: Bailey.

You collected 2295 gold pieces.
You spent 1370 gold pieces at shops.

Inventory:

Hand Weapons
 J - a +0 broad axe
 Q - a +3 dire flail of freezing (weapon)
Missiles
 c - 62 poisoned darts (quivered)
 d - 4 throwing nets
Armour
 k - a +2 chain mail of fire resistance
 r - a +2 plate armour of magic resistance (worn)
 P - a +0 cloak (worn)
Jewellery
 i - a ring of protection from magic (left hand)
 m - an amulet of guardian spirit (around neck)
 n - a ring of protection from fire (right hand)
 p - a +4 ring of protection
 S - an uncursed ring of ice
 Y - an uncursed amulet of the acrobat
Wands
 a - a wand of disintegration (14)
 j - a wand of acid (9)
 y - a wand of flame (40)
 z - a wand of iceblast (8)
 N - a wand of paralysis (15)
 W - a wand of enslavement (12)
Scrolls
 b - a scroll of blinking {unknown}
 l - 4 scrolls of enchant weapon
 o - 3 scrolls of amnesia
 u - 5 scrolls of immolation
 v - 3 scrolls of enchant armour
 B - a scroll of fog
 D - 4 scrolls of teleportation
 F - 2 scrolls of fear
 G - 3 scrolls of magic mapping {unknown}
 I - 4 scrolls of remove curse
 V - a scroll of summoning {unknown}
Potions
 e - 3 potions of resistance {unknown}
 g - 2 potions of cancellation {unknown}
 q - 5 potions of brilliance
 s - 3 potions of curing
 t - 3 potions of magic {unknown}
 w - 5 potions of stabbing {unknown}
 x - 5 potions of heal wounds {unknown}
 A - 2 potions of might
 C - 3 potions of berserk rage {unknown}
 E - 7 potions of lignification {unknown}
 M - a potion of haste
 O - 4 potions of invisibility
 T - 3 potions of flight {unknown}
 U - a potion of experience {unknown}
 X - a potion of mutation {unknown}
Miscellaneous
 R - a lightning rod (4/4)
Comestibles
 f - 35 rations
 h - 8 chunks of flesh


   Skills:
 + Level 9.6 Fighting
 - Level 11.1(12.8) Axes
 * Level 10.5(12.4) Maces & Flails
   Level 2.6(7.6) Polearms
 - Level 1.7 Throwing
 + Level 12.1 Armour
 + Level 9.3 Dodging
 + Level 14.2 Invocations


You had 14 spell levels left.
You didn't know any spells.
Your spell library contained the following spells:

 Spells                   Type           Power        Failure   Level  Hunger
 Foxfire                  Conj/Fire      #...         99%         1    ##.....
 Sandblast                Erth           #.....       99%         1    ##.....
 Passwall                 Tmut/Erth      #.......     100%        2    ###....
 Stone Arrow              Conj/Erth      #.....       100%        3    ####...
 Cause Fear               Hex            #.........   100%        4    #####..
 Petrify                  Tmut/Erth      #.......     100%        4    #####..
 Bolt of Magma            Conj/Fire/Erth #.........   100%        5    ######.
 Iskenderun's Battlesphe  Conj/Chrm      #.......     100%        5    ######.
 Lee's Rapid Deconstruct  Erth           #.........   100%        5    ######.
 Iron Shot                Conj/Erth      #.........   100%        6    #######
 Dragon Form              Tmut           #.........   100%        7    #######
 Orb of Destruction       Conj           #.........   100%        7    #######
 Spellforged Servitor     Conj/Summ      #.........   100%        7    #######
 Dragon's Call            Summ           #.........   100%        9    #######


Dungeon Overview and Level Annotations

Branches:
Dungeon (12/15)            Temple (0/1) D:7            Lair (6/6) D:8
  Swamp (0/4) Lair:2        Snake (0/4) Lair:3        Slime (0/5) Lair:6
    Orc (2/2) D:11            Elf (0/3) Orc:2        Bailey (visited)

Altars:
Ashenzari
Gozag
Kikubaaqudgha
Okawaru
Qazlal
Ru
Trog
Vehumet
Wu Jian
Xom
Yredelemnul
The Shining One
Jiyva

Shops:
Orc:1 (   Orc:2 :=%[

Annotations:
Lair:2 2 transporters, doomsgape's ghost, journeyman GrFE
Orc:2 1 runed translucent door, sfoobar's ghost, journeyman MiBe


Innate Abilities, Weirdness & Mutations

You have a pair of large horns on your head.
You are completely covered in rugged brown scales. (AC +3, +7% HP)


Message History

The orc priest is heavily wounded.
The orc priest hits you but does no damage.
You hit the orc priest. You freeze the orc priest.
Your headbutt misses the orc priest.
The orc priest is almost dead.
Your plate armour prevents you from hitting the orc priest.
The orc priest is almost dead.
The orc priest casts a cantrip, but nothing happens.
You bludgeon the orc priest!! You freeze the orc priest.
You kill the orc priest!
Qazlal accepts your kill. The slime creature hits you!
* * * LOW HITPOINT WARNING * * *
The slime creature hits you but does no damage.
Things that are here:
a +0 scale mail; an orc corpse You puncture the slime creature!
You freeze the slime creature.
The slime creature is moderately wounded.
The slime creature hits you!
You die...

..... #.#.# #.#.#
#.#.# #.#.####
..#.#####......#
......†..§.°°..# #
.....####.)°...##.#
..# ##@J......#
#..○..#..#
.######○.###..#
........).....#
..####J......##
..#####...#####
..ooo.o...#
#.#####.#.# #.#.#


You could see a slime creature.

Vanquished Creatures
  A stone giant (Orc:2)
  Nessos (Orc:2)
  A dire elephant (Lair:6)
  Snorg (D:10)
  2 catoblepae (Lair:6)
  7 hydras
  A two-headed ogre (D:10)
  A death knight (D:12)
  An orc high priest (Orc:2)
  A deep troll shaman (Lair:6)
  A queen ant (Lair:3)
  Urug (Lair:4)
  11 death yaks
  Nergalle (Lair:4)
  Sonja (Orc:1)
  A fire crab (Lair:6)
  A skeletal warrior (D:12)
  A phantasmal warrior (D:12)
  An orc knight (Orc:2)
  4 orc sorcerers (Orc:2)
  A cyclops (D:12)
  A manticore (D:10)
  An ugly thing (D:10)
  8 elephants
  2 black mambas
  8 spiny frogs
  A centaur skeleton (D:11)
  2 gargoyles
  2 kobold demonologists
  2 rime drakes
  8 komodo dragons
  A freezing wraith (D:12)
  A queen bee (Lair:1)
  3 trolls
  3 polar bears
  4 slime creatures (D:12)
  10 hippogriffs
  33 blink frogs
  4 wyverns
  Sigmund (D:3)
  69 yaks
  2 basilisks (D:12)
  A steam dragon (D:10)
  2 hungry ghosts
  2 vampire mosquitoes (D:12)
  3 nagas (Lair:3)
  An acid dragon (D:12)
  20 soldier ants (Lair:3)
  11 water moccasins
  8 porcupines
  28 orc warriors
  3 black bears
  2 ice beasts
  4 sky beasts
  4 phantoms
  12 ogres
  22 wolves
  8 centaurs
  6 crocodiles
  12 big kobolds
  19 bullfrogs
  A wyvern zombie (D:7)
  A wyvern skeleton (D:7)
  7 scorpions
  26 killer bees
  9 wights
  3 howler monkeys
  2 crimson imps
  A bullfrog zombie (D:5)
  2 centaur zombies
  29 orc priests
  5 hounds
  4 bullfrog skeletons
  2 jellies (D:8)
  36 orc wizards
  Crazy Yiuf (D:7)
  Jessica (D:3)
  2 iguanas
  26 worker ants
  A hound zombie (D:9)
  A hound skeleton (D:5)
  A howler monkey zombie (D:8)
  Robin (D:3)
  4 gnolls (Bailey)
  A worker ant zombie (D:11)
  7 river rats (D:5)
  10 adders
  3 shadow imps
  An adder skeleton (D:5)
  A worm (D:2)
  3 dart slugs (D:1)
  3 leopard geckos
  82 orcs
  8 giant cockroaches
  15 goblins
  10 hobgoblins
  13 jackals
  42 kobolds
  11 quokkas
  3 bats
  4 frilled lizards
  A jackal skeleton (D:6)
  A quokka skeleton (D:5)
  21 rats
781 creatures vanquished.

Vanquished Creatures (others)
  A crocodile (Lair:6)
  An orc (Orc:2)
  11 fungi
  12 plants
25 creatures vanquished.

Grand Total: 806 creatures vanquished

Notes
Turn   | Place    | Note
-------+----------+-------------------------------------------
     0 | D:1      | DearestLeader the Demonspawn Gladiator began the quest for
                  | the Orb.
     0 | D:1      | Reached XP level 1. HP: 16/16 MP: 1/1
    54 | D:1      | Gained mutation: You are partially covered in rugged brown
                  | scales. (AC +1, +3% HP) [demonic ancestry]
    54 | D:1      | Reached XP level 2. HP: 8/23 MP: 2/2
  1192 | D:2      | Reached XP level 3. HP: 17/28 MP: 3/3
  1328 | D:2      | Reached skill level 1 in Armour
  2404 | D:3      | Noticed Robin
  2424 | D:3      | Gained mutation: You have a pair of small horns on your
                  | head. [demonic ancestry]
  2424 | D:3      | Reached XP level 4. HP: 22/35 MP: 4/4
  2434 | D:3      | Killed Robin
  2617 | D:3      | Found a basalt altar of Yredelemnul.
  2678 | D:3      | Noticed Jessica
  2680 | D:3      | Noticed Sigmund
  2683 | D:3      | Killed Jessica
  2845 | D:3      | Found a bloodstained altar of Trog.
  3001 | D:4      | Reached XP level 5. HP: 36/42 MP: 5/5
  3046 | D:4      | Found a stormy altar of Qazlal.
  3063 | D:4      | Became a worshipper of Qazlal Stormbringer
  3510 | D:4      | Gained mutation: You have a pair of horns on your head.
                  | [demonic ancestry]
  3510 | D:4      | Reached XP level 6. HP: 35/49 MP: 6/6
  4081 | D:3      | Found a shimmering altar of Xom.
  4081 | D:3      | Found an opulent altar of Gozag.
  4134 | D:5      | Entered Level 5 of the Dungeon
  4296 | D:5      | Found an iron altar of Okawaru.
  4299 | D:5      | Found an ancient bone altar of Kikubaaqudgha.
  4393 | D:5      | Reached XP level 7. HP: 26/56 MP: 7/7
  4777 | D:5      | Reached * piety under Qazlal
  5139 | D:5      | Reached skill level 5 in Armour
  5329 | D:5      | Reached skill level 5 in Dodging
  5472 | D:5      | Reached skill level 5 in Fighting
  5488 | D:5      | Reached ** piety under Qazlal
  5638 | D:5      | Found an ornate altar of the Wu Jian Council.
  5826 | D:3      | Killed Sigmund
  5826 | D:3      | Reached skill level 1 in Axes
  5826 | D:3      | Reached XP level 8. HP: 45/63 MP: 8/8
  7192 | D:6      | Reached skill level 1 in Invocations
  7263 | D:6      | Found a bloodstained altar of Trog.
  7563 | D:7      | Found a flagged portal.
  7570 | D:7      | Reached skill level 2 in Invocations
  7584 | Bailey   | Entered a bailey
  7590 | Bailey   | Noticed an orc warlord
  7671 | Bailey   | HP: 1/63 [orc warrior/+0 war axe (18)]
  7892 | Bailey   | Reached skill level 3 in Invocations
  8003 | Bailey   | Reached *** piety under Qazlal
  8052 | Bailey   | Found a runed translucent gate.
  8055 | Bailey   | Found a runed translucent gate.
  8056 | Bailey   | Found a runed translucent gate.
  8304 | D:7      | Reached XP level 9. HP: 64/70 MP: 11/11
  8429 | D:7      | Found a staircase to the Ecumenical Temple.
  8988 | D:7      | Found a runed translucent door.
  8989 | D:7      | Noticed Crazy Yiuf
  8996 | D:7      | Killed Crazy Yiuf
  9086 | D:8      | Reached skill level 5 in Axes
  9090 | D:8      | Reached skill level 4 in Invocations
  9419 | D:8      | Found a radiant altar of Vehumet.
  9425 | D:8      | Reached skill level 5 in Invocations
  9782 | D:8      | Found a sacrificial altar of Ru.
  9840 | D:8      | Found a shattered altar of Ashenzari.
  9960 | D:8      | Found a staircase to the Lair.
 10037 | D:8      | Found a glowing golden altar of the Shining One.
 10324 | D:8      | Reached skill level 6 in Invocations
 10325 | D:8      | Reached **** piety under Qazlal
 10449 | D:9      | Reached XP level 10. HP: 60/76 MP: 14/14
 10694 | D:9      | Reached skill level 7 in Invocations
 11047 | D:9      | Reached ***** piety under Qazlal
 11148 | D:9      | Reached skill level 8 in Invocations
 11570 | D:10     | Entered Level 10 of the Dungeon
 11679 | D:10     | Noticed a two-headed ogre
 11694 | D:10     | Killed a two-headed ogre
 11694 | D:10     | Reached XP level 11. HP: 60/81 MP: 17/17
 11995 | D:10     | Reached skill level 9 in Invocations
 12113 | D:10     | Noticed Snorg
 12124 | D:10     | Killed Snorg
 13021 | D:11     | Noticed a brown ugly thing
 13028 | D:10     | Killed a brown ugly thing
 13028 | D:10     | Reached skill level 10 in Axes
 13440 | D:10     | Reached skill level 10 in Invocations
 14129 | D:11     | Found a staircase to the Orcish Mines.
 14441 | Lair:1   | Entered Level 1 of the Lair of Beasts
 14517 | Lair:1   | Gained mutation: You are mostly covered in rugged brown
                  | scales. (AC +2, +5% HP) [demonic ancestry]
 14517 | Lair:1   | Reached XP level 12. HP: 28/90 MP: 9/20
 14518 | Lair:1   | Reached skill level 1 in Maces & Flails
 14528 | D:8      | Reached skill level 10 in Armour
 14879 | Lair:1   | Reached ****** piety under Qazlal
 14879 | Lair:1   | Reached skill level 11 in Invocations
 15118 | Lair:1   | Noticed a seven-headed hydra
 15126 | Lair:1   | Killed a seven-headed hydra
 16694 | Lair:2   | Reached skill level 5 in Maces & Flails
 16885 | Lair:2   | Noticed doomsgape's ghost (journeyman GrFE)
 16918 | Lair:2   | Found a transporter.
 16962 | Lair:2   | Found a transporter.
 17156 | Lair:2   | Found a staircase to the Swamp.
 17551 | Lair:3   | Reached XP level 13. HP: 99/99 MP: 21/21
 17611 | Lair:3   | Reached skill level 12 in Invocations
 17692 | Lair:3   | Found a staircase to the Snake Pit.
 19137 | Lair:4   | Noticed Nergalle
 19148 | Lair:4   | Killed Nergalle
 19936 | Lair:4   | Noticed Urug
 19948 | Lair:4   | Killed Urug
 20636 | Lair:5   | You fall into a shaft and drop 1 floor!
 20636 | Lair:6   | Entered Level 6 of the Lair of Beasts
 21996 | Lair:6   | Reached skill level 13 in Invocations
 21996 | Lair:6   | Gained mutation: You are completely covered in rugged brown
                  | scales. (AC +3, +7% HP) [demonic ancestry]
 21996 | Lair:6   | Reached XP level 14. HP: 100/112 MP: 21/23
 23906 | Lair:6   | Found a viscous altar of Jiyva.
 23906 | Lair:6   | Found a staircase to the Slime Pits.
 24376 | Orc:1    | Entered Level 1 of the Orcish Mines
 24387 | Orc:1    | Noticed Sonja
 24411 | Orc:1    | Killed Sonja
 24891 | Orc:1    | Found Feobboepe's Antique Weapon Shop.
 25156 | Orc:2    | Entered Level 2 of the Orcish Mines
 25417 | Orc:2    | Found a staircase to the Elven Halls.
 25800 | Orc:2    | Noticed a stone giant
 25814 | Orc:2    | Killed a stone giant
 25814 | Orc:2    | Reached skill level 10 in Maces & Flails
 25858 | Orc:2    | Reached skill level 14 in Invocations
 26350 | Orc:2    | Noticed Nessos
 26363 | Orc:2    | Killed Nessos
 26561 | Orc:2    | Found Bayjoucroz's Jewellery Boutique.
 26561 | Orc:2    | Found Unluxyw's Armour Shop.
 26562 | Orc:2    | Found Kiobupt's Food Shop.
 26565 | Orc:2    | Found Faex's Book Boutique.
 26576 | Orc:2    | Bought a +2 plate armour of magic resistance for 720 gold
                  | pieces
 26578 | Orc:2    | Bought an uncursed ring of protection from fire for 325
                  | gold pieces
 26578 | Orc:2    | Bought an uncursed ring of protection from magic for 325
                  | gold pieces
 26723 | Orc:2    | Found a runed translucent door.
 26726 | Orc:2    | Noticed sfoobar's ghost (journeyman MiBe)
 27310 | D:12     | Gained mutation: You have a pair of large horns on your
                  | head. [demonic ancestry]
 27310 | D:12     | Reached XP level 15. HP: 105/121 MP: 20/25
 27633 | D:12     | HP: 5/121 [slime creature (6)]
 27635 | D:12     | Slain by a slime creature

Illustrated notes

Levels and vault maps discovered:
D:1:      dpeg_arrival_simpleton_c, layout_basic, grunt_decor_one_mirror,
          kennysheep_doodads, serial_bayou_pond_a
D:2:      layout_loops_ring, first_ration
D:3:      layout_basic, lightli_temple_of_fire, nicolae_overflow_crystal_walls,
          nicolae_overflow_hidden_temple, uniq_sigmund, uniq_robin, uniq_jessica
D:4:      layout_cave_pods, lemuel_crystal_altar
D:5:      lemuel_ratsnest, layout_gridville, kiku_gazebo_pond_becter,
          lemuel_crystal_altar, marbit_many_paths
D:6:      layout_gridville, trog_hazing_becter
D:7:      layout_loops_ring, minmay_temple_entry_proselytizer, enter_bailey_2,
          nicolae_ossuary_entry_false_entrances, grunt_ogre_cave,
          uniq_crazy_yiuf_cottage
D:8:      layout_basic, tso_oasis_becter, overflow_temple_1_default,
          kennysheep_mini_moat, nicolae_ru_the_path_less_chosen,
          grunt_lair_entry_orc_guard_hut
D:9:      layout_roguey [special_room_kobold]
D:10:     layout_small_grid, uniq_snorg
D:11:     layout_rooms, orc_0_dummy
D:12:     layout_loops_ring
Lair:1:   layout_loops_ring, special_room [special_room_bee], minivault_23
Lair:2:   layout_loops_ring, swamp_mist, gammafunk_ghost_arena,
          grunt_megastairs_4
Lair:3:   layout_layer_cave, minmay_snake_entry_guardpost_small, minivault_29
Lair:4:   layout_roguey, uniq_urug, uniq_nergalle
Lair:5:   layout_cave_pods
Lair:6:   grunt_lair_end_beastmaster, layout_big_grid, slime_altar_1,
          enter_volcano_2, serial_rivers, chequers_serial_rivers_large_b,
          chequers_serial_rivers_small_3, chequers_serial_rivers_large_a,
          chequers_serial_rivers_micro_c, chequers_serial_rivers_small_3,
          chequers_serial_rivers_marsh, chequers_serial_rivers_small_b
Orc:1:    layout_caves, serial_shops, nicolae_shop_statue_plus, uniq_sonja
Orc:2:    st_orc_mages, layout_diamond_mine, special_room,
          gammafunk_ghost_grave, uniq_nessos

Skill      XL: |  1  2  3  4  5  6  7  8  9 10 11 12 13 14 |
---------------+-------------------------------------------+-----
Dodging        | 3 4 5 6 8 9 |  9.3
Armour         | 1 2 3 4 5 6 7 8 9 10 11 12 | 12.1
Fighting       | 3 4 5 6 8 9 |  9.6
Axes           | 1 4 7 9 11 | 11.1
Invocations    | 3 6 8 10 11 13 14 | 14.2
Maces & Flails | 5 8 10 | 10.5
Polearms       | |  2.6
Throwing       | |  1.7

Action                   |  1- 3 |  4- 6 |  7- 9 | 10-12 | 13-15 || total
-------------------------+-------+-------+-------+-------+-------++-------
Melee: Trident           |    67 |       |       |       |       ||    67
       Hand axe          |    71 |   183 |   383 |       |       ||   637
       Headbutt          |       |    38 |    96 |   148 |   239 ||   521
       Dire flail        |       |       |    82 |   815 |   970 ||  1867
Throw: Dart              |       |       |    11 |     3 |       ||    14
Invok: Upheaval          |       |       |       |     6 |    23 ||    29
Evoke: Wand              |       |       |     7 |     3 |     4 ||    14
  Use: Scroll            |     3 |     1 |     7 |       |     5 ||    16
       Potion            |       |       |       |       |     1 ||     1
 Stab: Petrified         |       |       |       |       |     6 ||     6
  Eat: Chunk             |     5 |     6 |    13 |    27 |    29 ||    80
       Ration            |       |       |     2 |     2 |     1 ||     5
Armor: Leather armour    |    17 |       |       |       |       ||    17
       Chain mail        |    63 |   140 |   278 |   526 |   428 ||  1435
       Plate armour      |       |       |       |       |    40 ||    40
Dodge: Dodged            |    76 |   106 |   256 |   409 |   414 ||  1261
       Repelled          |       |       |       |    18 |     5 ||    23
Block: Other             |       |       |    52 |   314 |   330 ||   696
